 Dungeon Crawl Stone Soup version 0.21.0-3-g78d12a8 (console) character file.

114 ahub the Ducker (level 4, -6/20 HPs)
             Began as a Spriggan Monk on Jan 11, 2018.
             Killed by divine providence
             ... invoked by an orc priest
              (14 damage)
             ... in the Ecumenical Temple.
             The game lasted 00:07:13 (3307 turns).

ahub the Ducker (Spriggan Monk)                     Turns: 3307, Time: 00:07:14

Health: -6/20      AC:  4    Str:  7    XL:     4   Next: 67%
Magic:  5/5        EV: 22    Int: 11    God:
Gold:   128        SH:  0    Dex: 19    Spells: 3/3 levels left

rFire    . . .     SeeInvis +   g - +0 dagger
rCold    . . .     Gourm    .   (shield restricted)
rNeg     . . .     Faith    .   b - +0 robe
rPois    .         Spirit   .   (helmet restricted)
rElec    .         Reflect  .   (no cloak)
rCorr    .         Harm     .   (gloves unavailable)
MR       .....                  (boots unavailable)
Stlth    +++.......             (no amulet)
HPRegen  0.06/turn              (no ring)
MPRegen  0.09/turn              (no ring)

@: very quick
A: very small, unfitting armour, icy blue scales 1, see invisible, herbivore,
speed 3, frail 1, slow metabolism 2
a: no special abilities


You were in the Ecumenical Temple.
You were not hungry.

You visited 2 branches of the dungeon, and saw 5 of its levels.

You collected 128 gold pieces.

Inventory:

Hand Weapons
 a - a +0 short sword
 g - a +0 dagger (weapon)
Armour
 b - a +0 robe (worn)
Scrolls
 d - 4 scrolls of identify
 h - a scroll of teleportation {unknown}
 j - a scroll of magic mapping {unknown}
 k - a scroll of enchant armour {unknown}
 m - a scroll of enchant weapon {unknown}
Potions
 e - a potion of haste
 i - 2 potions of flight
 l - a potion of might {unknown}
Comestibles
 c - 4 rations


   Skills:
 + Level 2.9 Fighting
 + Level 4.0 Short Blades
 * Level 5.8 Dodging
 * Level 4.6 Stealth


You had 3 spell levels left.
You didn't know any spells.

Dungeon Overview and Level Annotations

Branches:
Dungeon (4/15)             Temple (1/1) D:4

Altars:
Ashenzari
Cheibriados
Dithmenos
Elyvilon
Fedhas
Hepliaklqana
Makhleb
Nemelex Xobeh
Okawaru
Qazlal
Ru
Uskayaw
Vehumet
Wu Jian
Xom
Zin


Innate Abilities, Weirdness & Mutations

You are very small and have problems with some larger weapons.
You are too small for most types of armour.
You have supernaturally acute eyesight. (SInv)
You are a herbivore.
You cover ground extremely quickly.
You need consume almost no food.
You are partially covered in icy blue scales. (AC +2)
You are frail. (-10% HP)


Message History

You hear the slow hiss of a very distant avalanche of sand.
The orc shouts!
The orc misses you.
Found a staircase to the Ecumenical Temple.
There is a dry fountain here.
An adder comes into view.
There is a staircase to the Ecumenical Temple here.
The orc priest mumbles some strange prayers to Beogh against you.
You struggle to resist.
You climb downwards.
Welcome to the Ecumenical Temple!
Found twelve altars.
There is a staircase back to the Dungeon here.
Found a snail-covered altar of Cheibriados.
Found an ornate altar of the Wu Jian Council.
Found a shattered altar of Ashenzari.
Found a blossoming altar of Fedhas.
The orc priest mumbles some strange prayers to Beogh against you.
Beogh smites you!
Ouch! That really hurt!
You die...

..._....._...
#....._.....
#......... #.._._..
#..... #._.#
######...########
.......<.o...@..#
_...._..._...._......
.......#.........._..
.._...###..._..._....
....## ###........_.
...# ##..._..... .##
###......# #....##


You could see an orc priest.

Vanquished Creatures
  4 adders
  An adder zombie (D:3)
  2 worms
  3 dart slugs
  2 leopard geckos (D:1)
  A ball python (D:2)
  3 giant cockroaches
  9 goblins
  7 hobgoblins
  2 jackals (D:1)
  2 quokkas (D:2)
  6 bats
  5 frilled lizards
  6 kobolds
  6 rats
59 creatures vanquished.

Notes
Turn   | Place    | Note
-------+----------+-------------------------------------------
     0 | D:1      | ahub the Spriggan Monk began the quest for the Orb.
     0 | D:1      | Reached XP level 1. HP: 11/11 MP: 2/2
   106 | D:1      | Reached XP level 2. HP: 10/16 MP: 3/3
   781 | D:1      | Reached skill level 5 in Dodging
  1265 | D:1      | Reached XP level 3. HP: 14/19 MP: 4/4
  2257 | D:2      | Reached XP level 4. HP: 3/23 MP: 5/5
  3047 | D:3      | Gained mutation: You are frail. (-10% HP) [potion of mutation]
  3047 | D:3      | Gained mutation: You are partially covered in icy blue scales. (AC +2) [potion of mutation]
  3180 | D:4      | Noticed a necrophage
  3292 | D:4      | Found a staircase to the Ecumenical Temple.
  3301 | Temple   | Entered the Ecumenical Temple
  3307 | Temple   | Killed from afar by an orc priest

Skill      XL: |  1  2  3  4 |
---------------+-------------+-----
Dodging        | 5 |  5.8
Stealth        | 4 |  4.6
Short Blades   | 4 |  4.0
Fighting       | |  2.9

Action                   |  1- 3 |  4- 6 || total
-------------------------+-------+-------++-------
Melee: Short sword       |    57 |       ||    57
       Dagger            |   226 |   114 ||   340
  Use: Potion            |       |     5 ||     5
       Scroll            |       |     3 ||     3
 Stab: Sleeping          |    11 |     7 ||    18
  Eat: Ration            |       |     1 ||     1
Armor: Robe              |    18 |    14 ||    32
Dodge: Dodged            |   230 |   113 ||   343
